 Dungeon Crawl Stone Soup version 0.16-a0-421-gd787d97 (webtiles) character file.

257 MRaven the Skirmisher (level 6, -1/50 HPs)
             Began as a Formicid Abyssal Knight on Sept 15, 2014.
             Was a Priest of Lugonu.
             Slain by an orc
             ... wielding a +0 trident
              (2 damage)
             ... on Level 4 of the Dungeon.
             The game lasted 00:18:01 (4694 turns).

MRaven the Skirmisher (Formicid Abyssal Knight)     Turns: 4694, Time: 00:18:01

HP  -1/50        AC  5     Str 18      XL: 6   Next: 39%
MP  17/21        EV 10     Int 12      God: Lugonu [***...]
Gold 144         SH  0     Dex 10      Spells:  0 memorised,  5 levels left

rFire  . . .     SeeInvis +     o - +0 halberd
rCold  . . .     Clarity  .     e - +0 ring mail
rNeg   . . .     rCorr    .     (no shield)
rPois  .         rRot     .     (helmet unavailable)
rElec  .         Spirit   .     (no cloak)
SustAb .         Warding  .     (no gloves)
rMut   .         Stasis   +     (no boots)
Gourm  .                        (no amulet)
MR     .....                    d - ring of magical power
                                f - ring of wizardry

@: not resistant to hostile enchantments, extremely unstealthy
A: permanent stasis, dig shafts and tunnels, four strong arms, antennae 3
a: Dig, Shaft Self, Depart the Abyss, Bend Space, Banish, Renounce Religion


You were on level 4 of the Dungeon.
You worshipped Lugonu.
Lugonu was most pleased with you.
You were hungry.

You visited 1 branch of the dungeon, and saw 4 of its levels.
You visited the Abyss 1 time.

You collected 144 gold pieces.

Inventory:

Hand weapons
 a - a +1 spear
 o - a +0 halberd (weapon)
Missiles
 l - 31 stones (quivered)
Armour
 e - a +0 ring mail (worn)
Magical devices
 p - a wand of frost (4)
Comestibles
 b - 9 fruits
 c - 5 bread rations
 h - a slice of pizza
 j - a royal jelly
 k - 2 meat rations
Scrolls
 t - a scroll of remove curse
Jewellery
 d - a ring of magical power (right hand)
 f - a ring of wizardry (left hand)
Potions
 g - a potion of beneficial mutation
 i - a potion of mutation


   Skills:
 + Level 4.8 Fighting
 + Level 2.7 Polearms
 + Level 3.5 Armour
 + Level 2.4 Dodging
 * Level 3.8 Invocations


You had 5 spell levels left.
You didn't know any spells.

Dungeon Overview and Level Annotations

Branches:
Dungeon (4/15)
 Temple: D:4-7

Altars:
Kikubaaqudgha
Makhleb
Okawaru
Sif Muna
Vehumet
Xom
Zin


Innate Abilities, Weirdness & Mutations

Your are under a permanent stasis effect.
You can dig through walls and to a lower floor.
Your four strong arms can wield two-handed weapons with a shield.
You have a pair of large antennae on your head (SInv).


Message History

The orc wizard casts a spell at you. The puff of frost hits you!
* * * LOW HITPOINT WARNING * * *
The orc hits you from afar with a trident.
* * * LOW HITPOINT WARNING * * *
The orc hits you.
* * * LOW HITPOINT WARNING * * *
An adder comes into view.
The orc wizard gestures at you while chanting.
The puff of flame hits you!
* * * LOW HITPOINT WARNING * * *
Use which ability? (? or * to list)
Press: ? - help, Shift-Dir - straight line, f - orc wizard
Aim: an orc wizard, wielding a dagger and wearing a robe (fast)
The orc wizard struggles to resist.
You feel somewhat more hungry. The orc wizard casts a spell at you.
The magic dart hits you!
* * * LOW HITPOINT WARNING * * *
The orc hits you from afar with a trident.
You die...

###....{#.o..
####......##.
####......[.....
#....#...♣...#.
#.......♣.♣....
#......♣.♣o♣.{.
#..S..♣.♣{♣.♣.
#..o.♣)♣{_.♣.
#.@oo.♣.♣.♣.♣
###....♣.♣{♣..
##.)..♣.♣....
#.#...♣...#.#
#..........?
###......##
##.##### ##


You could see an orc wizard, an adder and 2 orcs.

Vanquished Creatures
  2 orc wizards
  Jessica (D:2)
  6 adders
  3 gnolls (D:2)
  2 giant mites (D:3)
  2 worms
  4 giant geckos
  An ooze (D:2)
  5 orcs
  6 bats
  6 giant cockroaches
  7 hobgoblins
  A quokka (D:2)
  4 ball pythons
  3 giant newts
  12 goblins
  5 jackals
  5 kobolds
  9 rats
84 creatures vanquished.

Notes
Turn   | Place    | Note
--------------------------------------------------------------
     0 | Abyss:1  | MRaven, the Formicid Abyssal Knight, began the quest for the Orb.
     0 | Abyss:1  | Reached XP level 1. HP: 18/18 MP: 1/1
    41 | Abyss:1  | Noticed a manticore skeleton
    49 | Abyss:1  | Noticed a thrashing horror
    51 | D:1      | Escaped the Abyss
   223 | D:1      | Reached skill level 1 in Dodging
   370 | D:1      | Reached XP level 2. HP: 14/24 MP: 3/3
   626 | D:1      | Acquired Lugonu's first power
  1349 | D:2      | Reached XP level 3. HP: 29/29 MP: 5/5
  1374 | D:2      | Noticed Jessica
  1614 | D:2      | Acquired Lugonu's second power
  1615 | D:2      | Killed Jessica
  1615 | D:2      | Reached skill level 4 in Fighting
  1615 | D:2      | Reached XP level 4. HP: 30/37 MP: 5/7
  2021 | D:2      | Reached XP level 5. HP: 19/42 MP: 8/10
  2303 | D:2      | Found a glowing silver altar of Zin.
  2507 | D:2      | Found a burning altar of Makhleb.
  2507 | D:2      | Noticed a blizzard demon
  2510 | D:2      | Noticed an orange demon
  2510 | D:2      | Noticed an orange demon
  2599 | D:3      | Found a radiant altar of Vehumet.
  3313 | D:3      | Found a deep blue altar of Sif Muna.
  3316 | D:3      | Found a shimmering altar of Xom.
  3707 | D:3      | Reached XP level 6. HP: 31/49 MP: 12/12
  4179 | D:4      | Acquired Lugonu's third power
  4593 | D:4      | Found an ancient bone altar of Kikubaaqudgha.
  4600 | D:4      | Found an iron altar of Okawaru.
  4694 | D:4      | HP: 1/50 [orc wizard/magic dart (4)]
  4694 | D:4      | Slain by an orc

Action                   |  1- 3 |  4- 6 || total
-------------------------+-------+-------++-------
Melee: Spear             |   126 |    61 ||   187
       Halberd           |       |   215 ||   215
Throw: Stone             |     3 |     3 ||     6
Invok: Depart the Abyss  |     1 |       ||     1
       Banish            |       |     1 ||     1
  Use: Scroll            |     2 |     5 ||     7
       Potion            |       |     3 ||     3
  Eat: Chunk             |     1 |     8 ||     9
       Fruit             |     2 |       ||     2
       Beef jerky        |       |     1 ||     1
